 Dungeon Crawl Stone Soup version 0.30-b1-2-g02819fbbbe (webtiles) character file.

Game seed: 7220641807970641673

13106 Alarkh the Skirmisher (level 11, 0/78 HPs)
             Began as a Demonspawn Hunter on July 7, 2023.
             Was a Believer of Uskayaw.
             Slain by a white ugly thing (7 damage)
             ... on level 13 of the Dungeon.
             The game lasted 00:20:33 (10481 turns).

Alarkh the Skirmisher (Demonspawn Hunter)          Turns: 10481, Time: 00:20:34

Health: 0/78       AC: 15    Str:  6    XL:     11   Next: 71%
Magic:  17/25      EV: 15    Int: 24    God:    Uskayaw [**....]
Gold:   1230       SH:  0    Dex: 23    Spells: 9/10 levels left

rFire   + . .        b - +7 quarterstaff of Fudot {flame, rF+ Int+4}
rCold   + . .        (shield currently unavailable)
rNeg    . . .        O - +5 ring mail "Gesecko" {rC+ Regen+ Str-5 Int+3}
rPois   .            p - +0 helmet of the Known World {MP+9}
rElec   .            j - +1 cloak of Starlight {*Dazzle EV+4 Stlth--}
rCorr   .            (gloves unavailable)
SInv    .            E - +0 pair of boots
Will    .....        r - amulet of faith Stlth
                     m - ring of flight
HPRegen 1.13/turn    K - +6 ring of dexterity
MPRegen 0.19/turn

%: faith
@: flying
A: ignite blood 1, powered by death 1, big brain 1, demonic touch 3
a: Renounce Religion, Stomp, Line Pass


You were on level 13 of the Dungeon.
You worshipped Uskayaw.
Uskayaw was noncommittal.
You visited 2 branches of the dungeon, and saw 14 of its levels.
You also visited: Sewer.

You collected 1464 gold pieces.
You spent 234 gold pieces at shops.

Inventory:

Hand Weapons
 a - a +1 shortbow
 b - the +7 quarterstaff of Fudot (weapon) {flame, rF+ Int+4}
   (You found it on level 6 of the Dungeon)

   Int:       It affects your intelligence (+4).
   rF:        It protects you from fire.
 H - the +8 flail of Day {heavy, MP+9}
   (You found it on level 5 of the Dungeon)

   MP:        It affects your magic capacity (+9).
Armour
 e - a +0 troll leather armour {Pargi}
 j - the +1 cloak of Starlight (worn) {*Dazzle EV+4 Stlth--}
   (You acquired it on level 9 of the Dungeon)

   *Dazzle:   It may blind those who miss an attack against the wearer in melee
   combat.
   EV:        It affects your evasion (+4).
   Stlth:     It makes you much less stealthy.
 p - the +0 helmet of the Known World (worn) {MP+9}
   (You took it off Robin on level 3 of the Dungeon)

   MP:        It affects your magic capacity (+9).
 A - the +3 ring mail "Ajats" {Rampage SInv}
   (You found it on level 4 of the Dungeon)

   SInv:      It lets you see invisible.
   Rampage:   It bestows one free step when moving towards enemies.
 E - a +0 pair of boots (worn)
 O - the +5 ring mail "Gesecko" (worn) {rC+ Regen+ Str-5 Int+3}
   (You found it on level 8 of the Dungeon)

   Str:       It affects your strength (-5).
   Int:       It affects your intelligence (+3).
   rC:        It protects you from cold.
   Regen:     It increases your rate of health regeneration.
 Q - a +0 troll leather armour
Magical Staves
 I - a staff of fire
Jewellery
 m - a ring of flight (left hand)
 r - an amulet of faith (around neck)
 K - a +6 ring of dexterity (right hand)
 M - a +6 ring of strength
 T - a ring of ice
Wands
 u - a wand of charming (18)
 L - a wand of polymorph (22)
 S - a wand of quicksilver (5)
 U - a wand of mindburst (10)
 V - a wand of flame (6)
Scrolls
 o - 4 scrolls of immolation
 q - 2 scrolls of fear
 s - a scroll of enchant weapon
 w - a scroll of noise {unknown}
 x - 9 scrolls of teleportation
 y - a scroll of torment {unknown}
 B - a scroll of magic mapping
 C - a scroll of poison
 D - a scroll of vulnerability {unknown}
 F - a scroll of fog
 P - a scroll of amnesia {unknown}
 R - a scroll of brand weapon {unknown}
Potions
 d - 3 potions of flight
 f - 4 potions of cancellation
 g - 2 potions of attraction
 h - 2 potions of lignification
 i - a potion of heal wounds
 k - 13 potions of curing
 l - a potion of invisibility
 n - 2 potions of resistance
 t - a potion of mutation
 v - a potion of berserk rage
 J - 4 potions of degeneration
 N - 5 potions of haste


   Skills:
 + Level 4.6 Fighting
 * Level 10.0 Staves
 * Level 11.3 Ranged Weapons
 + Level 3.7 Armour
 + Level 4.2 Dodging
 + Level 4.2 Stealth
 + Level 7.6 Invocations


You had 9 spell levels left.
You knew the following spells:

 Your Spells              Type           Power      Damage    Failure   Level
a - Apportation           Tloc           0%         N/A       45%         1

Your spell library contained the following spells:

 Spells                   Type           Power      Damage    Failure   Level
 Necrotise                Necr           0%         1d4       45%         1
 Summon Small Mammal      Summ           0%         N/A       45%         1
 Cause Fear               Hex            0%         N/A       99%         4
 Dragon Form              Tmut           0%         N/A       100%        7
 Dragon's Call            Summ           0%         N/A       100%        9


Dungeon Overview and Level Annotations

Branches:
Dungeon (13/15)            Temple (1/1) D:5            Lair (0/5) D:10
    Orc (0/2) D:12          Sewer (visited)
 Vaults: D:13-14

Altars:
Ashenzari
Cheibriados
Dithmenos
Fedhas
Gozag
Hepliaklqana
Kikubaaqudgha
Makhleb
Nemelex Xobeh
Okawaru
Qazlal
Ru
Sif Muna
Trog
Uskayaw
Vehumet
Wu Jian
Xom
Yredelemnul

Shops:
D:4 :   D:5 *   D:7 ?=

Portals:
Trove: D:10 (give 7 scrolls of blinking)

Annotations:
D:2 1 runed translucent door, Crazy Yiuf
D:8 3 runed translucent doors, LLlMATKO's ghost, novice MiBe


Innate Abilities, Weirdness & Mutations

Your demonic aura sometimes causes spilled blood to erupt in flames.
You regenerate a little health from kills.
You have an unusually large brain. (Int +2)
Your touch may irresistibly damage your foes and sap their willpower.


Message History

The white ugly thing completely misses you.
You completely miss the white ugly thing.
The white ugly thing is lightly wounded.
The white ugly thing barely misses you.
You hit the white ugly thing. You burn the white ugly thing.
The white ugly thing is moderately wounded.
You can now pass through a line of other dancers.
You hit the white ugly thing. You burn the white ugly thing.
The white ugly thing is moderately wounded.
The white ugly thing punches you but does no damage.
You sock the white ugly thing! You burn the white ugly thing.
The white ugly thing is heavily wounded.
The white ugly thing punches you! The white ugly thing freezes you! You resist.
Uskayaw will force your foes to helplessly watch your dance.
Uskayaw prepares the audience for your solo!
The helpless white ugly thing fails to defend itself.
You bludgeon the white ugly thing!! You burn the white ugly thing.
The white ugly thing is almost dead.
The white ugly thing is no longer paralysed.
The white ugly thing punches you. The white ugly thing freezes you! You resist.
Uskayaw will force your foes to share their pain.
You closely miss the white ugly thing.
The white ugly thing is almost dead.
The white ugly thing punches you!
* * * LOW HITPOINT WARNING * * *
The white ugly thing freezes you! You resist.
* * * LOW HITPOINT WARNING * * *
Aiming: Line Pass
Press: ? - help, Dir - move target The white ugly thing appears confused.
The +7 quarterstaff of Fudot {flame, rF+ Int+4} stops flaming.
a - a +1 shortbow (weapon)
The white ugly thing seems less confused.
You feel clever.
The +7 quarterstaff of Fudot {flame, rF+ Int+4} bursts into flame!
b - the +7 quarterstaff of Fudot (weapon)
{flame, rF+ Int+4}
Aiming: Line Pass
Press: ? - help, Dir - move target The white ugly thing appears confused.
The white ugly thing punches you!
You die...

#.## #... ..# .. #.# ..#
###.##### #.# #.......# +# ...
#.#.###.# ... ## #.# #.#u###.#
.... ##.##.# #.#@#.#.# .....
###...#.######.#.....###......
....<..................'u.....
.#####.######.......###......
#.# ####..### ..... #.# #[##
.... # #.# #.# ... #.#####.#
... +# #.......# .#(#


You could see a white ugly thing (confused).

Vanquished Creatures
  Fannar (D:12)
  A catoblepas (D:13)
  A boulder beetle (D:11)
  A two-headed ogre (D:8)
  Lodul (D:12)
  Pikel (D:8)
  2 ugly things
  2 cyclopes
  Maurice (D:8)
  A gargoyle (D:10)
  A kobold demonologist (D:9)
  An unseen horror (D:12)
  2 trolls
  Sigmund (D:5)
  2 wraiths
  14 yaks
  Eustachio (D:5)
  A steam dragon (D:9)
  Pargi (Sewer)
  2 orc warriors
  A sky beast (D:6)
  2 ice beasts
  6 ogres
  2 black bears
  4 centaurs
  A phantom (D:5)
  5 kobold brigands
  A bullfrog (D:8)
  A scorpion (D:4)
  4 wights (D:9)
  4 killer bees (D:8)
  7 howler monkeys
  4 electric eels
  A jelly (D:5)
  5 orc priests
  A hound (D:6)
  A sleepcap (D:5)
  3 iguanas
  10 orc wizards
  2 howler monkey zombies (D:8)
  Robin (D:3)
  10 adders
  7 gnolls
  A white imp (D:8)
  2 ufetubi
  4 worms
  4 dart slugs
  31 orcs
  6 ball pythons
  6 endoplasms
  7 giant cockroaches
  20 goblins
  11 hobgoblins
  7 jackals
  37 kobolds
  3 quokkas
  12 bats
  4 frilled lizards
  8 rats
284 creatures vanquished.

Vanquished Creatures (others)
  An orc wizard (D:12)
  An orc (D:12)
  10 plants (D:10)
12 creatures vanquished.

Grand Total: 296 creatures vanquished

Notes
Turn   | Place    | Note
-------+----------+-------------------------------------------
     0 | D:1      | Alarkh the Demonspawn Hunter began the quest for the Orb.
     0 | D:1      | Reached XP level 1. HP: 16/16 MP: 1/1
    97 | D:1      | Reached skill level 4 in Ranged Weapons
   102 | D:1      | Gained mutation: You regenerate a little health from kills.
                  | [demonic ancestry]
   102 | D:1      | Reached XP level 2. HP: 22/22 MP: 2/2
   391 | D:1      | Gained mutation: Your touch may inflict minor irresistible
                  | damage on your foes. [demonic ancestry]
   391 | D:1      | Reached XP level 3. HP: 27/27 MP: 3/3
   688 | D:2      | Found a faded altar of an unknown god.
   775 | D:2      | Reached skill level 5 in Ranged Weapons
   887 | D:2      | Reached XP level 4. HP: 33/33 MP: 4/4
  1225 | D:2      | Found a runed translucent door.
  1226 | D:2      | Noticed Crazy Yiuf
  1329 | D:3      | Reached skill level 1 in Staves
  1518 | D:3      | Identified the +0 helmet of the Known World {MP+9}
  1518 | D:3      | Noticed Robin
  1537 | D:3      | Killed Robin
  1538 | D:3      | Gained mutation: Your touch may inflict irresistible damage
                  | on your foes. [demonic ancestry]
  1538 | D:3      | Reached XP level 5. HP: 32/38 MP: 5/5
  1697 | D:3      | Found a glowing drain.
  1730 | Sewer    | Entered a sewer
  1799 | Sewer    | Noticed Pargi
  1822 | Sewer    | Killed Pargi
  1971 | Sewer    | Gained mutation: Your touch may irresistibly damage your
                  | foes and sap their willpower. [demonic ancestry]
  1971 | Sewer    | Reached XP level 6. HP: 44/44 MP: 6/6
  2075 | D:3      | Reached skill level 6 in Ranged Weapons
  2647 | D:4      | Found a broken altar of Ashenzari.
  2702 | D:4      | Identified the +3 ring mail "Ajats" {Rampage SInv}
  2736 | D:4      | Found Vauh Fue's Book Shoppe.
  3067 | D:4      | Reached XP level 7. HP: 50/50 MP: 7/7
  3077 | D:4      | Learned a level 1 spell: Apportation
  3580 | D:5      | Entered Level 5 of the Dungeon
  3595 | D:5      | Found Putoerph's Assorted Antiques.
  3603 | D:5      | Bought a scroll labelled YFUWNA OPUO for 26 gold pieces
  3603 | D:5      | Bought a scroll labelled YLAS VOTUFROX for 26 gold pieces
  3603 | D:5      | Bought a scroll labelled NYSUICK JECS for 26 gold pieces
  3661 | D:5      | Reached skill level 7 in Ranged Weapons
  3678 | D:5      | Noticed Eustachio
  3688 | D:5      | Noticed Sigmund
  3693 | D:5      | Killed Eustachio
  3835 | D:5      | Reached skill level 5 in Staves
  3904 | D:5      | Found a staircase to the Ecumenical Temple.
  3978 | D:5      | Found an ornate altar of the Wu Jian Council.
  4079 | D:5      | Identified the +8 flail of Day {heavy, MP+9}
  4102 | Temple   | Entered the Ecumenical Temple
  4109 | Temple   | Became a worshipper of Uskayaw the Reveller
  4169 | D:5      | Reached * piety under Uskayaw
  4175 | D:5      | Killed Sigmund
  4175 | D:5      | Reached ** piety under Uskayaw
  4176 | D:5      | Gained mutation: You have an unusually large brain. (Int
                  | +2) [demonic ancestry]
  4176 | D:5      | Reached XP level 8. HP: 53/56 MP: 8/8
  4312 | D:6      | Identified the +7 quarterstaff of Fudot {flame, rF+ Int+4}
  4327 | D:6      | Reached *** piety under Uskayaw
  4402 | D:6      | Reached skill level 8 in Ranged Weapons
  4789 | D:6      | Reached skill level 1 in Invocations
  5027 | D:7      | Found Rimifeega's Magic Scroll Shop.
  5032 | D:7      | Found Taikuadu's Jewellery Shop.
  5640 | D:8      | Reached XP level 9. HP: 47/61 MP: 10/10
  5640 | D:8      | Reached **** piety under Uskayaw
  5643 | D:8      | Reached ***** piety under Uskayaw
  5713 | D:7      | Bought a scroll of identify for 26 gold pieces
  5713 | D:7      | Bought a scroll of identify for 26 gold pieces
  5713 | D:7      | Bought a scroll of identify for 26 gold pieces
  5713 | D:7      | Bought a scroll of identify for 26 gold pieces
  5713 | D:7      | Bought a scroll of identify for 26 gold pieces
  5713 | D:7      | Bought a scroll of identify for 26 gold pieces
  5746 | D:8      | Noticed Pikel
  5771 | D:8      | Killed Pikel
  5772 | D:8      | Reached skill level 9 in Ranged Weapons
  5819 | D:8      | Reached ****** piety under Uskayaw
  5831 | D:8      | Reached skill level 5 in Invocations
  5954 | D:8      | Noticed a two-headed ogre
  6081 | D:8      | Killed a two-headed ogre
  6082 | D:8      | Reached skill level 10 in Ranged Weapons
  6082 | D:8      | Reached skill level 1 in Stealth
  6082 | D:8      | Gained mutation: Your demonic aura sometimes causes spilled
                  | blood to erupt in flames. [demonic ancestry]
  6082 | D:8      | Reached XP level 10. HP: 45/68 MP: 14/14
  6116 | D:8      | Identified the +5 ring mail "Gesecko" {rC+ Regen+ Str-5
                  | Int+3}
  6165 | D:8      | Noticed Maurice
  6172 | D:8      | Killed Maurice
  6173 | D:8      | Reached skill level 1 in Armour
  6482 | D:8      | Found a runed translucent gate.
  6482 | D:8      | Found a runed translucent gate.
  6482 | D:8      | Found a runed translucent gate.
  6482 | D:8      | Noticed LLlMATKO's ghost (novice MiBe)
  6484 | D:8      | Found a basalt altar of Yredelemnul.
  6809 | D:9      | Found a stormy altar of Qazlal.
  7518 | D:9      | Identified a scroll of acquirement
  7519 | D:9      | Acquired the +1 cloak of Starlight {*Dazzle EV+4 Stlth--}
  7519 | D:9      | Found the +1 cloak of Starlight {*Dazzle EV+4 Stlth--}
  7539 | D:10     | Entered Level 10 of the Dungeon
  7573 | D:10     | Noticed a gargoyle
  7604 | D:10     | Killed a gargoyle
  7907 | D:10     | Identified the +5 mace "Sioqarr" {venom, rPois rF+ Str+3
                  | Int+3}
  8076 | D:10     | Identified the +4 rapier "Keikocep" {protect, Str+4}
  8106 | D:10     | Reached XP level 11. HP: 75/75 MP: 15/15
  8160 | D:10     | Found a burning altar of Makhleb.
  8281 | D:10     | Found a portal to a secret trove of treasure.
  8411 | D:10     | Found a staircase to the Lair.
  8536 | D:11     | Noticed a cyan ugly thing
  8544 | D:11     | Killed a cyan ugly thing
  8837 | D:11     | Noticed a boulder beetle
  8858 | D:11     | Killed a boulder beetle
  8989 | D:11     | You are sucked into a shaft and drop 1 floor!
  9041 | D:12     | Found a staircase to the Orcish Mines.
  9056 | D:12     | Noticed Fannar
  9101 | D:12     | Killed Fannar
  9102 | D:12     | Reached skill level 11 in Ranged Weapons
  9264 | D:12     | Noticed Lodul
  9271 | D:12     | Killed Lodul
  9674 | D:12     | Noticed a white ugly thing
  9684 | D:12     | Killed a white ugly thing
 10397 | D:13     | Reached skill level 10 in Staves
 10422 | D:13     | Noticed a catoblepas
 10444 | D:13     | Killed a catoblepas
 10456 | D:13     | Noticed a white ugly thing
 10477 | D:13     | HP: 3/78 [white ugly thing (11)]
 10481 | D:13     | Slain by a white ugly thing

Illustrated notes

Levels and vault maps discovered:
D:1:      lemuel_arrival_broad_hall, layout_loops_cross
D:2:      layout_rooms, ebering_ecumenical_altar_sacrificial,
          uniq_crazy_yiuf_cottage
D:3:      layout_loops_ring, cheibrodos_sewer_entry_sluice, st_stairs_12,
          minmay_unequal, uniq_robin
D:4:      layout_loops_corners, evilmike_ruin_ashenzari, serial_shops, shop
D:5:      layout_cave_pools, gammafunk_temple_overflow_statue,
          minmay_temple_entry_slanted, serial_shops,
          nicolae_inconvenience_store, uniq_eustachio, uniq_sigmund
D:6:      layout_cave_pools, serial_column_ruins, column_ruins_hut_ruined,
          column_ruins_corridor_straight, column_ruins_open_small_water,
          column_ruins_grid_1, column_ruins_columns_straight
D:7:      layout_cave_pods, serial_shops, nicolae_shop_waterfront, shop
D:8:      layout_basic, nicolae_yredelemnul_ghost_church, nicolae_titane,
          uniq_pikel, uniq_maurice
D:9:      layout_basic, nicolae_qazlal_general_emergency
D:10:     layout_gridville, nicolae_elyvilon_temple_path, bloody_makhleb,
          lair_entry_dummy, enter_trove_6
D:11:     layout_loops_corners
D:12:     layout_basic, david_orc_3, uniq_lodul, uniq_fannar
D:13:     layout_loops_corners, gauntlet_entry_generic
Temple:   nicolae_temple_no_exploring_needed

Skill      XL: |  1  2  3  4  5  6  7  8  9 10 11 |
---------------+----------------------------------+-----
Ranged Weapons | 4 5 6 7 8 10 11 | 11.3
Staves         | 1 2 3 5 6 8 9 10 | 10.0
Invocations    | 2 5 6 7 |  7.6
Dodging        | 2 3 4 |  4.2
Stealth        | 1 3 4 |  4.2
Armour         | 2 3 |  3.7
Fighting       | 3 4 |  4.6

Action                     |  1- 3 |  4- 6 |  7- 9 | 10-12 || total
---------------------------+-------+-------+-------+-------++-------
  Melee: Quarterstaff      |       |       |    90 |   293 ||   383
   Fire: Shortbow          |   123 |   310 |   207 |    68 ||   708
 Invoke: Line Pass         |       |       |       |     3 ||     3
    Use: Scroll            |       |     4 |     9 |     6 ||    19
         Potion            |       |     2 |     2 |     1 ||     5
   Stab: Paralysed         |       |       |     6 |    30 ||    36
         Invisible         |       |       |       |     8 ||     8
 Armour: Leather armour    |    20 |    36 |       |       ||    56
         Troll leather arm |       |    21 |    59 |     4 ||    84
         Ring mail         |       |       |       |    87 ||    87
  Dodge: Dodged            |    41 |   132 |    97 |   136 ||   406
